[Event "Team 45 45 League T68"]
[Site "Internet Chess Club"]
[Date "2016.03.09"]
[Round "1"]
[White "princevultan2"]
[Black "chips"]
[Result "0-1"]
[WhiteElo "1180"]
[BlackElo "1212"]
[Opening "Owen defense"]
[ECO "B00"]
[Time "21:00:07"]
[TimeControl "2700+45"]

1. e4 b6 2. d4 Bb7 3. Nc3 d5 4. Bd3 dxe4 5. Bxe4 Bxe4 6. Nxe4 e6 7. Nf3 Nf6 8.
Bg5 Be7 9. Nxf6+ Bxf6 10. Bxf6 Qxf6 11. O-O O-O 12. Re1 Nd7 13. Qd3 c5 14. a3
cxd4 15. Nxd4 Nc5 16. Qe3 Rac8 17. Nb3 Qxb2 18. Nxc5 Rxc5 19. Rac1 Qc3 20. h3
Qxe3 21. Rxe3 Rfc8 22. Rd3 g6 23. Rd2 Rc3 24. Rd7 Rxa3 25. Rb7 Kg7 26. c3 Rcxc3
27. Rxc3 Rxc3 28. Rxa7 Rb3 29. Rb7 Rb1+ 30. Kh2 b5 31. Kg3 b4 32. Kf3 Kf6 33.
Ke3 Rb3+ 34. Kd4 Rb2 35. Ke3 b3 36. g4 Rb1 37. Kd2 Rb2+ 38. Ke3 h6 39. Kf4 Rxf2+
40. Kg3 Rb2 41. Kh4 e5 42. Rb6+ Kg7 43. g5 h5 44. Rb4 Rb1 45. Re4 f6 46. gxf6+
Kxf6 47. Re2 b2 48. Rf2+ Kg7 49. Kg5 e4 50. Rd2 Rg1+ 51. Kf4 b1=Q 52. Rd7+ Kh6
53. h4 Qc1+ 54. Ke5 e3 55. Kf6 Qf1+ 56. Ke6 Qf5+ 57. Kd6 Qxd7+ 58. Kxd7 e2 59.
Ke7 e1=Q+ 60. Kf6 Qxh4+ 61. Ke5 Qg5+ 62. Ke4 Rg4+ 63. Kf3 Qf4+ 64. Ke2 h4 65.
Ke1 h3 66. Kd1 h2 67. Ke2 Rg2+ 68. Kd3 h1=Q 69. Kc3 Qh3# {White checkmated} 0-1

[Event "Team 45 45 League T68"]
[Site "Internet Chess Club"]
[Date "2016.03.14"]
[Round "1"]
[White "olivermx"]
[Black "Electryon"]
[Result "1/2-1/2"]
[WhiteElo "1378"]
[BlackElo "1428"]
[Opening "French: exchange variation"]
[ECO "C01"]
[Time "18:01:43"]
[TimeControl "2700+45"]

1. e4 e6 2. d4 d5 3. exd5 Qxd5 4. Nf3 Be7 5. Be3 Nf6 6. Nbd2 O-O 7. Bc4 Qd8 8.
O-O b6 9. Re1 Bb7 10. c3 Nbd7 11. Bd3 c5 12. Bg5 cxd4 13. Nxd4 Nc5 14. Bc2 Qd5
15. N4f3 Rfd8 16. Bxf6 Bxf6 17. Qe2 Qh5 18. Ne4 Nxe4 19. Bxe4 Rab8 20. Bxb7 Rxb7
21. Rad1 Rbd7 22. Rxd7 Rxd7 23. Rd1 Rxd1+ 24. Qxd1 Qf5 25. h3 Qd5 26. Qxd5 exd5
27. Nd4 Bxd4 28. cxd4 Kf8 29. Kf1 Ke7 30. Ke2 Ke6 31. a4 a5 32. g4 g5 33. Ke3 h6
34. f4 f5 35. gxf5+ Kxf5 36. fxg5 Kxg5 37. Kf3 Kh4 38. Kg2 h5 39. Kh2 Kg5 40.
Kg3 h4+ 41. Kf3 Kf5 42. Ke3 Kg5 43. Kf3 Kf5 44. Ke3 Kg5 45. Kf3 Kf5 {Game drawn
by repetition} 1/2-1/2

[Event "Team 45 45 League T68"]
[Site "Internet Chess Club"]
[Date "2016.03.15"]
[Round "1"]
[White "Aquaman"]
[Black "Andaluz"]
[Result "1/2-1/2"]
[WhiteElo "1351"]
[BlackElo "1333"]
[Opening "Réti opening"]
[ECO "A04"]
[Time "15:00:45"]
[TimeControl "2700+45"]

1. Nf3 Nc6 2. g3 Nf6 3. Bg2 g6 4. O-O Bg7 5. d3 O-O 6. e4 d6 7. Re1 Rb8 8. Nbd2
Bg4 9. h3 Bd7 10. Nf1 Qc8 11. Kh2 Re8 12. Be3 e5 13. Qd2 b6 14. Bh6 Qd8 15. Bxg7
Kxg7 16. Ng1 a5 17. c3 Bc8 18. Ne3 b5 19. a3 a4 20. Rf1 Na5 21. Rad1 Nb3 22. Qe2
c5 23. f4 exf4 24. Rxf4 Nh5 25. Rf3 Be6 26. Qf2 Rf8 27. Ne2 Kg8 28. Nf4 Nxf4 29.
Rxf4 Qe7 30. Ng4 Bxg4 31. Rxg4 f6 32. h4 Na5 33. Re1 Nc6 34. Rf4 Ne5 35. Qd2 Kg7
36. Bh3 Rbd8 37. Qe2 g5 38. hxg5 fxg5 39. Rxf8 Rxf8 40. Bf5 Qf7 41. Kg2 h5 42.
Rh1 g4 {Game drawn by mutual agreement} 1/2-1/2

[Event "Team 45 45 League T68"]
[Site "Internet Chess Club"]
[Date "2016.03.11"]
[Round "1"]
[White "bugeyes"]
[Black "oldbookseller"]
[Result "0-1"]
[WhiteElo "948"]
[BlackElo "1085"]
[Opening "Ruy Lopez: Berlin defense, Beverwijk variation"]
[ECO "C64"]
[Time "13:00:32"]
[TimeControl "2700+45"]

1. e4 e5 2. Nf3 Nc6 3. Bb5 Bc5 4. O-O Nf6 5. c3 O-O 6. d4 exd4 7. cxd4 Bb4 8. a3
Be7 9. Nc3 d5 10. e5 Ne4 11. Re1 Bf5 12. Qb3 Be6 13. Bf4 Bh4 14. Nxe4 dxe4
{White resigns} 0-1

[Event "Team 45 45 League T68"]
[Site "Internet Chess Club"]
[Date "2016.03.13"]
[Round "1"]
[White "dabodhi"]
[Black "rkjulianjr"]
[Result "0-1"]
[WhiteElo "1403"]
[BlackElo "1376"]
[Opening "Giuoco Piano"]
[ECO "C44"]
[Time "13:32:51"]
[TimeControl "2700+45"]

1. e4 e5 2. Nf3 Nc6 3. d4 exd4 4. Bc4 Bc5 5. c3 Nf6 6. cxd4 Bb4+ 7. Bd2 Bxd2+ 8.
Nbxd2 d5 9. exd5 Nxd5 10. Qb3 Qe7+ 11. Kd1 Nf4 12. Re1 Be6 13. Qxb7 O-O 14. Qxc6
Qb4 15. Bxe6 Nxe6 16. Rxe6 fxe6 17. Qxe6+ Kh8 18. b3 Qc3 19. Rc1 Qb2 20. Qc4
Qxa2 21. Qxc7 Qa6 22. Ke1 Rac8 23. Qxc8 Rxc8 24. Rxc8+ Qxc8 25. Nc4 Qb7 26. Nd6
Qb4+ {White resigns} 0-1

[Event "Team 45 45 League T68"]
[Site "Internet Chess Club"]
[Date "2016.03.11"]
[Round "1"]
[White "Toalla"]
[Black "jjaillet2007"]
[Result "1-0"]
[WhiteElo "1304"]
[BlackElo "1266"]
[Opening "Queen's pawn, Mason variation"]
[ECO "D00"]
[Time "11:01:05"]
[TimeControl "2700+45"]

1. d4 d5 2. Bf4 e6 3. Nf3 c5 4. e3 Nc6 5. c3 Nf6 6. Nbd2 Bd6 7. h3 Bxf4 8. exf4
O-O 9. Be2 cxd4 10. cxd4 Qb6 11. Nb3 Qb4+ 12. Qd2 Ne4 13. Qxb4 Nxb4 14. Rc1 Nxa2
15. Rc7 Nb4 16. O-O Rd8 17. Rfc1 Bd7 18. Ne5 Be8 19. Rxb7 a5 20. Rcc7 f6 21.
Rxg7+ Kf8 22. Rxh7 Kg8 23. Rhg7+ Kf8 24. Rh7 Kg8 25. Rbg7+ Kf8 26. f3 fxe5 27.
fxe4 exf4 28. Nc5 Rd6 29. Bg4 Nc6 30. Nxe6+ Rxe6 31. Bxe6 Bf7 32. Rxf7+ {Black
resigns} 1-0

[Event "Team 45 45 League T68"]
[Site "Internet Chess Club"]
[Date "2016.03.11"]
[Round "1"]
[White "Just-Jim"]
[Black "joaoazm"]
[Result "0-1"]
[WhiteElo "1288"]
[BlackElo "1093"]
[Opening "Queen's pawn game"]
[ECO "D00"]
[Time "19:00:33"]
[TimeControl "2700+45"]

1. d4 d5 2. e3 Nf6 3. f4 g6 4. Be2 Bg7 5. Nf3 Ne4 6. O-O O-O 7. c4 c6 8. c5 Bg4
9. Ne5 Bxe2 10. Qxe2 Bxe5 11. fxe5 e6 12. Nd2 Nxd2 13. Bxd2 Nd7 14. e4 f6 15.
Bh6 Rf7 16. Qf3 Qe7 17. exd5 exd5 18. e6 Qxe6 19. Rae1 Qf5 20. Qxf5 gxf5 21.
Rxf5 Nf8 22. Ref1 Nd7 23. Bg5 Kg7 24. Bh4 h6 25. g4 Re8 26. g5 hxg5 27. Bxg5 Re4
28. R1f3 Rxd4 29. Be3 Rg4+ 30. Kf2 Ne5 31. Rh3 Rg6 32. Rfh5 Ng4+ 33. Kf3 Nxe3
34. Rh7+ Kf8 35. Rh8+ Rg8 36. Rxg8+ Kxg8 37. Kxe3 a6 38. Kf4 Rh7 39. Rxh7 Kxh7
40. Kf5 Kh6 41. Kxf6 d4 42. Kf5 d3 43. Ke5 d2 44. Kd6 d1=Q+ 45. Kc7 Qa4 46. Kxb7
Qb5+ 47. Ka7 Qxc5+ 48. Kxa6 Kg7 49. a4 Kf7 50. h4 Ke7 51. a5 Qb5+ 52. Ka7 Qxa5+
53. Kb7 Kd7 54. h5 Qb5+ 55. Ka7 Kc7 56. h6 Qb7# {White checkmated} 0-1

[Event "Team 45 45 League T68"]
[Site "Internet Chess Club"]
[Date "2016.03.10"]
[Round "1"]
[White "WzeroMN"]
[Black "wildangels"]
[Result "1-0"]
[WhiteElo "1094"]
[BlackElo "1088"]
[Opening "Sicilian: Labourdonnais-Löwenthal variation"]
[ECO "B32"]
[Time "09:01:49"]
[TimeControl "2700+45"]

1. e4 c5 2. Nf3 Nc6 3. d4 cxd4 4. Nxd4 e5 5. Nxc6 bxc6 6. Nc3 Nf6 7. Bc4 Bb4 8.
Bd2 Bb7 9. a3 Bc5 10. Qe2 d5 11. exd5 Qd6 12. Be3 cxd5 13. Bxc5 Qxc5 14. Qxe5+
Qe7 15. Qxe7+ Kxe7 16. Be2 Rhe8 17. O-O-O Bc6 18. Bf3 Kf8 19. Nxd5 Rac8 20. Nxf6
gxf6 21. Bxc6 Rxc6 22. Rd2 Rce6 23. Kd1 a5 24. a4 Re4 25. b3 Rg4 26. g3 Rge4 27.
c4 Rb8 28. Re1 Ree8 29. Rxe8+ Kxe8 30. Rd3 Ke7 31. Ke2 f5 32. Kf3 Kf6 33. Kf4 h5
34. h4 Rb6 35. c5 Rb4+ 36. Kf3 Ke5 37. c6 f4 38. Rc3 Kd4 39. Rc4+ Rxc4 40. bxc4
Kxc4 41. c7 Kb4 42. c8=Q Kxa4 43. Qc4+ Ka3 44. Qxf4 a4 45. Qc1+ Kb4 46. Kf4 a3
47. Kg5 a2 48. Qb2+ Ka4 49. Qxa2+ Kb4 50. Kxh5 Kc3 51. Kg5 Kd3 52. Kf6 Ke4 53.
Kxf7 Kf3 54. h5 Kg4 55. h6 Kg5 56. h7 Kg4 57. h8=Q Kf3 58. Qb3+ Kxf2 59. Qh2+
Kf1 60. Qb1# {Black checkmated} 1-0

[Event "Team 45 45 League T68"]
[Site "Internet Chess Club"]
[Date "2016.03.11"]
[Round "1"]
[White "modiglani"]
[Black "ChessHouston"]
[Result "1-0"]
[WhiteElo "1884"]
[BlackElo "1888"]
[Opening "French: King's Indian attack"]
[ECO "C00"]
[Time "14:00:08"]
[TimeControl "2700+45"]

1. e4 e6 2. d3 d5 3. Nd2 Nf6 4. Ngf3 c5 5. g3 Nc6 6. Bg2 Bd6 7. O-O O-O 8. Re1
Qc7 9. Qe2 Nd7 10. Nf1 d4 11. Nh4 Be7 12. f4 Bxh4 13. gxh4 Qd8 14. Qg4 f5 15.
exf5 Nf6 16. Qg5 h6 17. Qg6 Ne7 18. Qg3 Nxf5 19. Qf2 Ng4 20. Qf3 Qxh4 21. Bd2 g5
22. Re4 Nf6 23. Be1 g4 24. Qd1 Qh5 25. Re5 Ne3 26. Nxe3 {Black resigns} 1-0

[Event "Team 45 45 League T68"]
[Site "Internet Chess Club"]
[Date "2016.03.13"]
[Round "1"]
[White "Signalman"]
[Black "PolishRyszard"]
[Result "0-1"]
[WhiteElo "1837"]
[BlackElo "1912"]
[Opening "Modern defense"]
[ECO "A40"]
[Time "04:36:51"]
[TimeControl "2700+45"]

1. d4 g6 2. Bf4 Bg7 3. e3 d6 4. Nf3 Nd7 5. Be2 e5 6. Bg3 Qe7 7. e4 Ngf6 8. Bh4
exd4 9. Qxd4 Qxe4 10. Qc3 O-O 11. Nbd2 Qc6 12. Qxc6 bxc6 13. O-O Re8 14. Rfe1
Nd5 15. Bc4 Bb7 16. c3 N5b6 17. Bb3 Nc5 18. Bc2 a5 19. Nb3 Ne6 20. Nbd4 Nxd4 21.
cxd4 Kf8 22. Rad1 Rxe1+ 23. Rxe1 Re8 24. Rxe8+ Kxe8 25. Bg5 Nc4 26. b3 Na3 27.
Bd3 Nb5 28. Be3 Nc3 29. a4 Nd5 30. Bd2 Nb4 31. Bxb4 axb4 32. a5 h6 33. a6 Ba8
34. Kf1 g5 35. Bf5 Kd8 36. h3 c5 37. dxc5 dxc5 38. Nd2 c4 39. Nxc4 Bd4 40. f3
Bc6 41. Ke2 Bb5 42. Kd3 Bc5 43. Ke4 Bxa6 44. Kd5 Be7 45. Bd3 Bb7+ 46. Kd4 Bf6+
47. Ke3 Bd5 48. Kd2 Ke7 49. Kc2 Bd4 50. Na5 Ke6 51. Be4 Bxe4+ 52. fxe4 Ke5 53.
Kd3 Bc5 54. g3 Bf2 55. Nc6+ Kd6 56. Nd8 Ke7 57. Nc6+ Kd6 58. Nd8 Ke7 59. Nc6+
Kf6 60. g4 Be1 61. Kc4 Ke6 62. Nd8+ Ke5 63. Nxf7+ Kxe4 64. Nxh6 Kf3 65. Nf7 Bd2
66. Nd8 Kg3 67. Ne6 Kxh3 68. Nxc7 Kxg4 69. Nd5 Kh3 70. Kd3 Be1 71. Ke2 Bc3 72.
Kf2 g4 73. Nf4+ Kh2 74. Ne2 Be5 75. Kf1 g3 76. Nxg3 Kxg3 77. Ke2 Kf4 78. Kd3 Kf3
79. Kd2 Ke4 80. Ke2 Bf4 {White resigns} 0-1

[Event "Team 45 45 League T68"]
[Site "Internet Chess Club"]
[Date "2016.03.12"]
[Round "1"]
[White "THE-WARRIOR"]
[Black "LiangLiang"]
[Result "0-1"]
[WhiteElo "1755"]
[BlackElo "1862"]
[Opening "Grünfeld: Stockholm variation"]
[ECO "D80"]
[Time "22:00:22"]
[TimeControl "2700+45"]

1. d4 Nf6 2. c4 g6 3. Nc3 d5 4. Bg5 Ne4 5. Nxe4 dxe4 6. e3 Bg7 7. h3 O-O 8. Qb3
c5 9. d5 Qa5+ 10. Ke2 Re8 11. f3 exf3+ 12. Nxf3 Nd7 13. Kf2 h6 14. Bf4 Nf6 15.
Bd3 Nh5 16. Bh2 e5 17. e4 a6 18. Qc2 Bd7 19. a3 Rac8 20. Rhb1 b5 21. Nd2 Qb6 22.
Bg1 Qf6+ 23. Nf3 Qf4 24. Bh2 Qf6 25. Rf1 Nf4 26. b3 g5 27. Kg1 Qg6 28. Rad1 Nxd3
29. Qxd3 f5 30. Nd2 f4 31. Rc1 h5 32. Kh1 g4 33. Bg1 Bh6 34. h4 Qf6 35. g3 Kh8
36. Rcd1 Qg6 37. Kg2 fxg3 38. Kxg3 Bf4+ 39. Kg2 g3 40. Qf3 Bg4 41. Qd3 Bxd1 42.
Rxd1 Qg4 43. Nf3 bxc4 44. Qxc4 Rf8 45. Rf1 Rf6 46. Bxc5 Be3 47. b4 Bxc5 48. bxc5
Rb8 49. Qc2 Qf4 50. c6 Rbf8 51. c7 Qg4 52. Nxe5 Rf2+ 53. Rxf2 gxf2+ 54. Kf1 Qh3+
55. Ke2 f1=Q+ {White resigns} 0-1

[Event "Team 45 45 League T68"]
[Site "Internet Chess Club"]
[Date "2016.03.14"]
[Round "1"]
[White "kllrchris"]
[Black "kaiclc"]
[Result "0-1"]
[WhiteElo "1709"]
[BlackElo "1176"]
[Opening "French: Tarrasch, closed variation"]
[ECO "C05"]
[Time "15:56:08"]
[TimeControl "2700+45"]

1. e4 e6 2. d4 d5 3. Nd2 Nf6 4. e5 Nfd7 5. Bd3 c5 6. c3 Nc6 7. Ne2 Qb6 8. Nf3
cxd4 9. cxd4 Bb4+ 10. Bd2 O-O 11. O-O f6 12. exf6 Rxf6 13. Nf4 Nxd4 14. Bxh7+
Kxh7 15. Ng5+ Kg8 16. Qh5 Bxd2 17. Qh7+ Kf8 18. Qh8+ Ke7 19. Qxg7+ Kd8 20. Nh5
Nf5 21. Qg8+ Rf8 22. Nxe6+ Ke7 23. Nxf8 Nxf8 24. Rad1 Be6 25. Qh8 Bh6 26. Qf6+
Kd7 27. g4 Bg8 28. Qxf5+ Qe6 29. Rxd5+ Kc6 30. Rc5+ Kb6 31. Rb5+ Kc7 32. Qc5+
Kb8 33. Rd1 Qxg4+ 34. Ng3 Qxd1+ 35. Kg2 Ne6 36. Qe5+ Kc8 37. h3 a6 38. Rb4 Qd5+
39. Qxd5 Nf4+ 40. Rxf4 Bxd5+ {White resigns} 0-1

[Event "Team 45 45 League T68"]
[Site "Internet Chess Club"]
[Date "2016.03.11"]
[Round "1"]
[White "Zebbile"]
[Black "fishhead"]
[Result "1-0"]
[WhiteElo "1953"]
[BlackElo "1784"]
[Opening "King's Indian: London system"]
[ECO "A48"]
[Time "16:00:16"]
[TimeControl "2700+45"]

1. Nf3 Nf6 2. d4 g6 3. Bf4 Nh5 4. Bc1 d6 5. e4 Bg7 6. Bc4 O-O 7. O-O Nc6 8. c3
e5 9. Bg5 Qe8 10. Re1 h6 11. Be3 Kh7 12. Nbd2 Ne7 13. dxe5 dxe5 14. Bc5 b6 15.
Bd5 Rb8 16. Ba3 c5 17. b4 Nxd5 18. exd5 Nf4 19. bxc5 Nd3 20. Re3 Nxc5 21. c4 Ba6
22. Rc1 Rc8 23. Qe2 f6 24. Ne4 Qd7 25. Bxc5 bxc5 26. Ra3 Bb7 27. Rxa7 f5 28. Rb1
fxe4 29. Rbxb7 Qxb7 30. Rxb7 exf3 31. Qxe5 {Black resigns} 1-0

[Event "Team 45 45 League T68"]
[Site "Internet Chess Club"]
[Date "2016.03.13"]
[Round "1"]
[White "xt"]
[Black "Timotheous"]
[Result "0-1"]
[WhiteElo "1775"]
[BlackElo "1732"]
[Opening "Sicilian: accelerated fianchetto, modern variation with Bc4"]
[ECO "B35"]
[Time "12:45:24"]
[TimeControl "2700+45"]

1. e4 c5 2. Nf3 Nc6 3. d4 cxd4 4. Nxd4 g6 5. Bc4 Bg7 6. Be3 Nf6 7. Nc3 Qa5 8.
O-O O-O 9. Nb3 Qd8 10. Be2 d6 11. Qd2 Ng4 12. Bf4 e5 13. Bg5 Bf6 14. Bxf6 Nxf6
15. Rad1 Ne8 16. Nb5 Be6 17. Nxd6 Bxb3 18. cxb3 Nd4 19. Nxe8 Qxe8 20. Bc4 Kg7
21. Bd5 Qe7 22. Rc1 Rfd8 23. f4 f5 24. Kh1 fxe4 25. Qa5 b6 {White forfeits on
time} 0-1

[Event "Team 45 45 League T68"]
[Site "Internet Chess Club"]
[Date "2016.03.12"]
[Round "1"]
[White "hewdondada"]
[Black "room-matt"]
[Result "0-1"]
[WhiteElo "1740"]
[BlackElo "1825"]
[Opening "Trompowsky attack (Ruth, Opocenský opening)"]
[ECO "A45"]
[Time "06:11:14"]
[TimeControl "2700+45"]

1. d4 Nf6 2. Bg5 e6 3. e4 c5 4. e5 h6 5. Bxf6 gxf6 6. c3 cxd4 7. Qxd4 Nc6 8. Qe3
fxe5 9. Nf3 Bg7 10. Bb5 d6 11. Nbd2 O-O 12. O-O-O Bd7 13. Nc4 e4 14. Nfd2 d5 15.
Nxe4 Nb8 16. Ned6 dxc4 17. Nxc4 Qc7 18. Bxd7 Nxd7 19. Rd3 Rfd8 20. Nd6 Nc5
{White resigns} 0-1

[Event "Team 45 45 League T68"]
[Site "Internet Chess Club"]
[Date "2016.03.11"]
[Round "1"]
[White "alexping"]
[Black "jjmolina"]
[Result "0-1"]
[WhiteElo "1896"]
[BlackElo "1847"]
[Opening "QGD Slav defense"]
[ECO "D10"]
[Time "11:13:59"]
[TimeControl "2700+45"]

1. d4 d5 2. c4 c6 3. Nc3 dxc4 4. g3 g6 5. Bg2 Bg7 6. Nf3 Nd7 7. e4 e5 8. d5 Nc5
9. O-O Ne7 10. Bg5 f6 11. Be3 Nd3 12. Qa4 b5 13. Nxb5 cxb5 14. Qxb5+ Bd7 15.
Qxc4 Nxb2 16. Qb3 Rb8 17. Qa3 Nc4 18. Qxa7 Nxe3 19. Qxe3 Nc8 20. Rfb1 Nd6 21.
Nd2 O-O 22. Bf1 Rc8 23. Qa3 Be8 24. Qe3 Ba4 25. Rb4 Qa5 26. Qa3 Ra8 27. Rxa4
Qxa4 28. Qxd6 f5 29. Bg2 f4 30. Nf3 Qxe4 31. Re1 Qf5 32. gxf4 exf4 33. a3 g5 34.
h3 Bc3 35. Re7 Rad8 36. Qh6 Bf6 37. Ra7 Rxd5 38. Kh2 Qg6 39. Qxg6+ hxg6 40. Ra6
Kg7 41. Ra7+ Rf7 42. Ra8 Rd8 43. Ra5 Rd3 44. Bf1 Rxf3 {White resigns} 0-1

[Event "Team 45 45 League T68"]
[Site "Internet Chess Club"]
[Date "2016.03.12"]
[Round "1"]
[White "santiagoelawad"]
[Black "bobhill"]
[Result "1/2-1/2"]
[WhiteElo "1992"]
[BlackElo "1954"]
[Opening "English: symmetrical, main line with d4"]
[ECO "A39"]
[Time "10:06:38"]
[TimeControl "2700+45"]

1. c4 c5 2. Nc3 Nc6 3. g3 g6 4. Bg2 Bg7 5. Nf3 Nf6 6. O-O O-O 7. d4 cxd4 8. Nxd4
Nxd4 9. Qxd4 d6 10. Qd2 Ng4 11. Rd1 Qb6 12. e3 Ne5 13. Nd5 Qd8 14. Qe2 Bg4 15.
f3 Bd7 16. Rb1 Re8 17. b3 Qc8 18. Bb2 Bf5 19. e4 Bd7 20. Rd2 e6 21. Nf4 Rd8 22.
Rbd1 Be8 23. Nd3 Nxd3 24. Rxd3 Bxb2 25. Qxb2 Qc7 26. Qd2 Qc5+ 27. Kh1 b5 28.
cxb5 Bxb5 29. Rxd6 Rxd6 30. Qxd6 Qxd6 31. Rxd6 Rc8 32. Rd1 Be2 33. Ra1 e5 34.
Kg1 Rc2 35. b4 f6 36. a3 Kf7 37. h4 Ke7 38. f4 Kd6 39. Bh1 Kc6 40. Bg2 Kb6 41.
Rb1 Kb5 42. Bf1 Bxf1 43. Kxf1 Ra2 44. fxe5 fxe5 45. Rd1 Rxa3 46. Rd5+ Kxb4 47.
Rxe5 Rxg3 48. Re7 a5 49. Rxh7 Rg4 50. Ke2 Rxe4+ 51. Kd3 Rg4 52. h5 g5 53. Rb7+
Ka4 54. h6 Rh4 55. h7 g4 56. Rg7 Rh3+ 57. Kc2 Rh2+ 58. Kc3 Ka3 59. Rxg4 Rxh7 60.
Kc2 Rh3 61. Kb1 a4 62. Rg1 Kb4 63. Rg4+ Kb3 64. Rg1 a3 65. Rf1 Rh2 66. Rf3+ Kb4
67. Rf4+ Kc5 68. Rf5+ Kc4 69. Rf4+ Kc5 70. Rf5+ Kd4 71. Rf4+ Ke3 72. Rf1 Rb2+
73. Ka1 Rg2 74. Rh1 Rg3 75. Re1+ Kd2 76. Rh1 Kc3 77. Rc1+ Kd2 78. Rh1 Kc2 79.
Rh2+ Kb3 80. Rh1 Rf3 81. Rg1 Rd3 82. Rh1 {Game drawn by mutual agreement}
1/2-1/2

[Event "Team 45 45 League T68"]
[Site "Internet Chess Club"]
[Date "2016.03.10"]
[Round "1"]
[White "kidcobra"]
[Black "VictorRed"]
[Result "1-0"]
[WhiteElo "1847"]
[BlackElo "1764"]
[Opening "Philidor's defense"]
[ECO "C41"]
[Time "15:07:25"]
[TimeControl "2700+45"]

1. e4 e5 2. Nf3 d6 3. Bc4 Bg4 4. d4 Nc6 5. c3 Qd7 6. dxe5 Bxf3 7. Qxf3 Nxe5 8.
Qe2 Nxc4 9. Qxc4 O-O-O 10. Be3 Kb8 11. Nd2 d5 12. exd5 Qxd5 13. O-O-O Be7 14.
Qa4 b6 15. Nf3 Qe6 16. Nd4 Rxd4 17. Rxd4 Nf6 18. Rhd1 Bd6 19. Qc4 Qe7 20. Bf4
Bxf4+ 21. Rxf4 Re8 22. Rfd4 Kb7 23. Qd3 Qe6 24. b3 h5 25. Qf3+ c6 26. Rd6 Qe4
27. Qxe4 Rxe4 28. f3 Re2 29. R1d2 Re3 30. R6d3 Re1+ 31. Kb2 Re7 32. c4 Kc7 33.
Kc3 g6 34. b4 Ng8 35. Rd4 Nh6 36. Re4 Rxe4 37. fxe4 Ng4 38. h3 Nf6 39. Kd4 Nd7
40. e5 Nf8 41. Ke4 Ne6 42. h4 c5 43. b5 g5 44. hxg5 Nxg5+ 45. Kf5 Ne6 46. Kf6
Nd4 47. Kxf7 {Black resigns} 1-0

[Event "Team 45 45 League T68"]
[Site "Internet Chess Club"]
[Date "2016.03.13"]
[Round "1"]
[White "pokerram"]
[Black "Beetlejuice"]
[Result "0-1"]
[WhiteElo "1667"]
[BlackElo "1817"]
[Opening "Dutch with c4 & Nc3"]
[ECO "A85"]
[Time "10:01:04"]
[TimeControl "2700+45"]

1. d4 f5 2. c4 Nf6 3. Nc3 g6 4. h4 h6 5. Nh3 Nc6 6. Bf4 d6 7. d5 Ne5 8. Bxe5
dxe5 9. g3 e6 10. Bg2 exd5 11. cxd5 Bg7 12. Qb3 a6 13. e4 Rb8 14. Rd1 Qd6 15.
O-O fxe4 16. Rfe1 Bf5 17. Qc4 b5 18. Qf1 Qb4 19. Rd2 O-O 20. a3 Qa5 21. f4 exf3
22. Bxf3 b4 23. axb4 Qxb4 24. Nf2 Rbe8 25. Qxa6 e4 26. Nfxe4 Nxe4 27. Rde2 Nd6
28. Rxe8 Rxe8 29. Rxe8+ Nxe8 30. Qc6 Qb6+ 31. Qxb6 cxb6 32. g4 Bxc3 33. bxc3 Bd7
34. Kf2 g5 35. hxg5 hxg5 36. Kg3 Kf7 37. d6 Ke6 38. Be2 Kxd6 39. c4 Nf6 40. Bf3
Kc5 41. Be2 Be6 {White resigns} 0-1

[Event "Team 45 45 League T68"]
[Site "Internet Chess Club"]
[Date "2016.03.13"]
[Round "1"]
[White "jonesey"]
[Black "CaoCao"]
[Result "1-0"]
[WhiteElo "2013"]
[BlackElo "1910"]
[Opening "Ruy Lopez: Schliemann defense, Berger variation"]
[ECO "C63"]
[Time "15:12:15"]
[TimeControl "2700+45"]

1. e4 e5 2. Nf3 Nc6 3. Bb5 f5 4. Nc3 fxe4 5. Nxe4 d5 6. Nxe5 dxe4 7. Nxc6 Qg5 8.
Qe2 Nf6 9. f4 Qxf4 10. Ne5+ c6 11. d4 Qh4+ 12. g3 Qh3 13. Bc4 Be6 14. Bg5 Bd6
15. O-O-O O-O-O 16. Rde1 Rhe8 17. Nf7 Bxf7 18. Bxf7 Re7 19. Bc4 Qf5 20. Be3 Nd5
21. Rhf1 Qg6 22. Bxd5 cxd5 23. Qd2 h6 24. Qa5 b6 25. Qxd5 Kb8 26. Qf5 Qe8 27.
Bf4 Bxf4+ 28. Qxf4+ Kb7 29. c3 Qc6 30. Kb1 Rde8 31. Re3 b5 32. Qf5 Kb6 33. Rf4
g5 34. Rf2 Qd6 35. Rfe2 Re5 36. Qf1 R5e6 37. Rf2 Rc8 38. Rf5 a6 39. d5 Qc5 40.
Qf2 Rd6 41. b4 {Black resigns} 1-0

[Event "Team 45 45 League T68"]
[Site "Internet Chess Club"]
[Date "2016.03.12"]
[Round "1"]
[White "achessman"]
[Black "fledermaus"]
[Result "0-1"]
[WhiteElo "1892"]
[BlackElo "1934"]
[Opening "Sicilian: Alapin's variation (2.c3)"]
[ECO "B22"]
[Time "06:19:29"]
[TimeControl "2700+45"]

1. e4 c5 2. c3 d5 3. exd5 Qxd5 4. d4 Nf6 5. Nf3 Bg4 6. Be2 e6 7. O-O Nc6 8. Be3
cxd4 9. cxd4 Be7 10. Nc3 Qd6 11. a3 O-O 12. Qb3 a6 13. Rfd1 Rfd8 14. h3 Bh5 15.
g4 Bg6 16. Nh4 Nxg4 17. hxg4 Bxh4 18. Bf3 b5 19. Ne2 Rac8 20. Bf4 Qe7 21. Rac1
Na5 22. Qb4 Nc4 23. Qxe7 Bxe7 24. Bb7 Nxb2 25. Bxa6 Ra8 26. Rd2 Nc4 27. Rxc4
bxc4 28. Bxc4 Rxa3 {White resigns} 0-1

[Event "Team 45 45 League T68"]
[Site "Internet Chess Club"]
[Date "2016.03.12"]
[Round "1"]
[White "Invicta-Knight"]
[Black "Frankly"]
[Result "0-1"]
[WhiteElo "1595"]
[BlackElo "1752"]
[Opening "Center game: Berger variation"]
[ECO "C22"]
[Time "15:12:41"]
[TimeControl "2700+45"]

1. e4 e5 2. d4 exd4 3. Qxd4 Nc6 4. Qe3 Nf6 5. Nc3 Bb4 6. Bd2 O-O 7. O-O-O Re8 8.
f3 d5 9. Qe2 Nd4 10. Qf2 c5 11. exd5 Bf5 12. Bd3 Bxd3 13. cxd3 Nxd5 14. Nxd5
Qxd5 15. b3 Ba3+ 16. Kb1 Nxb3 17. Bc3 Nd4 18. Bxd4 cxd4 19. Ne2 Qb5+ 20. Kc2
Qb2# {White checkmated} 0-1

[Event "Team 45 45 League T68"]
[Site "Internet Chess Club"]
[Date "2016.03.13"]
[Round "1"]
[White "Constrictor"]
[Black "parrot9"]
[Result "0-1"]
[WhiteElo "1613"]
[BlackElo "1725"]
[Opening "QGD: Orthodox defense, Bd3 line, fianchetto variation"]
[ECO "D66"]
[Time "15:27:41"]
[TimeControl "2700+45"]

1. Nf3 d5 2. d4 Nf6 3. c4 c6 4. Nc3 e6 5. Bg5 Be7 6. e3 Nbd7 7. Rc1 O-O 8. Bd3
dxc4 9. Bxc4 b5 10. Bd3 Bb7 11. O-O a6 12. Ne4 Nxe4 13. Bxe7 Qxe7 14. Bxe4 Nf6
15. Bxc6 Rac8 16. Bxb7 Rxc1 17. Qxc1 Qxb7 18. Qb1 h6 19. Rc1 Nd5 20. Rc5 Rd8 21.
b4 g5 22. Qe4 Rc8 23. Ne5 f5 24. Qc2 Rd8 25. a3 Kg7 26. Rc6 Kf6 27. g4 Ne7 28.
gxf5 Nxc6 29. Ng4+ Kf7 30. f6 Rh8 31. Qe4 Qd7 32. Ne5+ Nxe5 33. dxe5 Qd5 {White
resigns} 0-1